 Dungeon Crawl Stone Soup version 0.21.1-1-g345015fe64 (webtiles) character file.

2010 Oravi the Slicer (level 9, 0/63 HPs)
             Began as a Halfling Fighter on Mar 29, 2018.
             Was a Follower of Okawaru.
             Slain by an orc wizard
             ... wielding a +0 dagger
              (1 damage)
             ... on level 6 of the Dungeon.
             The game lasted 00:33:41 (8150 turns).

Oravi the Slicer (Halfling Fighter)                 Turns: 8150, Time: 00:33:41

Health: 0/63       AC:  8    Str: 20    XL:     9   Next: 46%
Magic:  6/9        EV: 15    Int:  6    God:    Okawaru [*.....]
Gold:   327        SH: 13    Dex: 14    Spells: 8/8 levels left

rFire    . . .     SeeInvis .   n - +4 dagger
rCold    . . .     Gourm    .   c - +1 shield
rNeg     . . .     Faith    .   b - +0 scale mail
rPois    .         Spirit   .   (no helmet)
rElec    .         Reflect  .   (no cloak)
rCorr    .         Harm     .   (no gloves)
MR       .....                  (no boots)
Stlth    ++........             (no amulet)
HPRegen  0.20/turn              (no ring)
MPRegen  0.11/turn              (no ring)

@: heroism, hasted, very quick
A: small, mutation resistance 1
a: Heroism, Renounce Religion


You were on level 6 of the Dungeon.
You worshipped Okawaru.
Okawaru was aware of your devotion.
You were not hungry.

You visited 2 branches of the dungeon, and saw 7 of its levels.
You also visited: Ossuary.

You collected 327 gold pieces.

Inventory:

Hand Weapons
 a - a +0 rapier
 n - a +4 dagger (weapon)
 o - a +0 hunting sling
Missiles
 h - 401 stones (quivered)
 m - 44 sling bullets
Armour
 b - a +0 scale mail (worn)
 c - a +1 shield (worn)
 l - a +0 ring mail
Wands
 v - a wand of polymorph (16)
Scrolls
 d - 2 scrolls of enchant armour
 g - 4 scrolls of teleportation
 k - 5 scrolls of identify
 s - a scroll of summoning
 x - 2 scrolls of magic mapping
Potions
 e - 2 potions of invisibility
 j - 4 potions of curing
 q - a potion of haste
 r - a potion of berserk rage {unknown}
 t - a potion of resistance {unknown}
 u - a potion of flight {unknown}
 z - 2 potions of degeneration {unknown}
 A - a potion of heal wounds {unknown}
Comestibles
 f - 12 rations
 i - 3 chunks of flesh


   Skills:
 + Level 6.5(11.5) Fighting
 + Level 10.6(15.6) Short Blades
 + Level 4.8(9.8) Armour
 + Level 2.0(7.0) Dodging
 + Level 4.1(9.1) Shields
 + Level 0.5 Invocations


You had 8 spell levels left.
You didn't know any spells.

Dungeon Overview and Level Annotations

Branches:
Dungeon (6/15)             Temple (1/1) D:4

Altars:
Ashenzari
Cheibriados
Dithmenos
Elyvilon
Fedhas
Gozag
Hepliaklqana
Makhleb
Nemelex Xobeh
Okawaru
Qazlal
Ru
Sif Muna
Uskayaw
Vehumet
Wu Jian
Xom
The Shining One


Innate Abilities, Weirdness & Mutations

You are small and have problems with some larger weapons.
You are somewhat resistant to further mutation.


Message History

The orc wizard hits you but does no damage.
The orc hits you but does no damage.
The orc warrior hits you from afar with a trident!
* * * LOW HITPOINT WARNING * * *
You feel better. You block the orc wizard's attack.
Your shield prevents you from hitting the orc wizard.
The orc wizard is heavily wounded.
You block the orc's attack. You block the orc warrior's attack.
You hit the orc wizard.
The orc wizard is severely wounded.
The orc wizard hits you but does no damage.
You barely miss the orc wizard.
The orc wizard is severely wounded.
The orc wizard hits you with a dagger.
* * * LOW HITPOINT WARNING * * *
You gain the combat prowess of a mighty hero.
The orc warrior hits you from afar with a trident!
* * * LOW HITPOINT WARNING * * *
You block the orc's attack. The orc wizard hits you with a dagger.
You die...

.... ....................
#... #########♣♣♣.♣♣.....
#...##### #♣♣♣...♣...♣...
....#.♣♣♣....♣.........
#..♣..♣..............
#..†.♣.#......P......
###.o...#...P##'#....
##oo........#..#.P..
#..@...#.P..#.[#..⌠. .#
#.P♣PP.#...P#'##.... ..
♣♣♣.♣............... #.
♣.P♣...P.......### .###.####
..♣♣♣..........#.)
........#♣♣♣♣♣.♣.♣.♣....P###
#.....#.P♣♣§♣P♣.♣.♣P♣.....
#........♣≈♣.♣.♣.♣.♣.♣..P.
#.....#♣♣§♣.♣.♣P♣♣♣.♣♣♣♣..


You could see an orc warrior, an orc wizard and an orc.

Vanquished Creatures
  Prince Ribbit (D:5)
  A water moccasin (D:5)
  A sky beast (D:6)
  The ghost of dengdeng the Skirmisher, an amateur MiBe of Trog (D:3)
  A phantom (D:6)
  3 ogres
  A centaur (D:5)
  A bullfrog (D:6)
  3 water moccasin zombies (Ossuary)
  A scorpion (D:4)
  A howler monkey (D:4)
  2 hounds
  A jelly (D:5)
  2 orc priests
  An orc wizard (D:5)
  2 iguanas
  A worker ant (D:5)
  4 big kobold zombies (Ossuary)
  2 mummies (Ossuary)
  14 adders
  11 gnolls
  2 river rats (D:6)
  2 oozes
  4 adder zombies (Ossuary)
  An adder skeleton (D:5)
  4 worms
  2 dart slugs (D:1)
  3 leopard geckos
  11 orcs
  17 giant cockroaches
  9 goblins
  8 hobgoblins
  6 jackals
  10 kobolds
  2 quokkas
  2 ball pythons (D:2)
  10 bats
  5 frilled lizards
  A giant cockroach zombie (D:5)
  A gnoll zombie (Ossuary)
  A goblin zombie (D:4)
  6 hobgoblin zombies (Ossuary)
  A jackal zombie (D:6)
  9 kobold zombies (Ossuary)
  2 leopard gecko skeletons
  5 orc zombies (Ossuary)
  A quokka zombie (D:4)
  8 rats
188 creatures vanquished.

Vanquished Creatures (others)
  A plant (D:6)
1 creature vanquished.

Grand Total: 189 creatures vanquished

Notes
Turn   | Place    | Note
-------+----------+-------------------------------------------
     0 | D:1      | Oravi the Halfling Fighter began the quest for the Orb.
     0 | D:1      | Reached XP level 1. HP: 15/15 MP: 1/1
   113 | D:1      | Reached XP level 2. HP: 18/21 MP: 2/2
   242 | D:1      | Reached skill level 3 in Short Blades
   298 | D:1      | Reached XP level 3. HP: 19/26 MP: 3/3
   770 | D:2      | Reached XP level 4. HP: 27/31 MP: 4/4
   856 | D:2      | Reached skill level 4 in Short Blades
  1397 | D:2      | Reached XP level 5. HP: 24/37 MP: 5/5
  1912 | D:3      | Reached skill level 5 in Short Blades
  1952 | D:3      | Noticed dengdeng's ghost (amateur MiBe)
  2832 | D:3      | Reached XP level 6. HP: 39/43 MP: 6/6
  3162 | D:4      | Noticed an ogre
  3378 | D:4      | Reached skill level 6 in Short Blades
  3497 | D:4      | Found a staircase to the Ecumenical Temple.
  3506 | D:4      | Found a sand-covered staircase.
  3526 | Ossuary  | Entered an ossuary
  3702 | Ossuary  | Reached XP level 7. HP: 43/49 MP: 7/7
  3727 | Ossuary  | Reached skill level 7 in Short Blades
  3917 | Ossuary  | Reached skill level 5 in Fighting
  4253 | Temple   | Entered the Ecumenical Temple
  4300 | Temple   | Became a worshipper of Warmaster Okawaru
  4615 | D:3      | Killed dengdeng's ghost
  4615 | D:3      | Reached skill level 8 in Short Blades
  4877 | D:4      | Found a snail-covered altar of Cheibriados.
  5043 | D:5      | Entered Level 5 of the Dungeon
  5263 | D:5      | Reached XP level 8. HP: 53/55 MP: 8/8
  5550 | D:5      | Reached skill level 9 in Short Blades
  5826 | D:5      | Noticed Prince Ribbit
  5844 | D:5      | Killed Prince Ribbit
  5844 | D:5      | Reached * piety under Okawaru
  6102 | D:5      | Found an opulent altar of Gozag.
  6102 | D:5      | Found a glowing golden altar of the Shining One.
  6631 | D:5      | Reached skill level 10 in Short Blades
  7131 | D:6      | Reached XP level 9. HP: 49/62 MP: 6/9
  7353 | D:4      | Reached skill level 1 in Dodging
  7577 | D:4      | Found a blossoming altar of Fedhas.
  7859 | D:6      | Found a deep blue altar of Sif Muna.
  7860 | D:6      | Found a white marble altar of Elyvilon.
  8150 | D:6      | HP: 1/63 [orc warrior/trident (14)]
  8150 | D:6      | Slain by an orc wizard

Skill      XL: |  1  2  3  4  5  6  7  8  9 |
---------------+----------------------------+-----
Fighting       | 3 4 5 6 |  6.5
Short Blades   | 3 4 5 6 8 10 | 10.6
Dodging        | 2 |  2.0
Armour         | 4 |  4.8
Shields        | 4 |  4.1
Invocations    | |  0.5

Action                   |  1- 3 |  4- 6 |  7- 9 || total
-------------------------+-------+-------+-------++-------
Melee: Rapier            |    82 |       |       ||    82
       Dagger            |    39 |   412 |   511 ||   962
Invok: Heroism           |       |       |     7 ||     7
  Use: Scroll            |       |     7 |     6 ||    13
       Potion            |       |       |     7 ||     7
  Eat: Chunk             |       |    10 |     7 ||    17
       Ration            |       |       |     2 ||     2
Armor: Scale mail        |    26 |    17 |    62 ||   105
       Ring mail         |    18 |    68 |       ||    86
Dodge: Dodged            |    40 |   107 |   106 ||   253
Block: Shield            |    47 |   162 |   143 ||   352
